 Dungeon Crawl Stone Soup version 0.20.1-1-g8b1a95d (webtiles) character file.

618 HuneSparrow the Skirmisher (level 7, -5/55 HPs)
             Began as a Demonspawn Fighter on July 27, 2017.
             Slain by an orc priest
             ... wielding a +0 flail
              (6 damage)
             ... on level 3 of the Dungeon.
             The game lasted 00:11:05 (3544 turns).

HuneSparrow the Skirmisher (Demonspawn Fighter)     Turns: 3544, Time: 00:11:05

Health: -5/55      AC: 11    Str: 19    XL:     7   Next: 21%
Magic:  7/7        EV:  8    Int:  9    God:
Gold:   175        SH:  9    Dex: 12    Spells: 6/6 levels left

rFire    . . .     SeeInvis .   a - +0 long sword
rCold    . . .     Gourm    .   c - +0 shield
rNeg     . . .     Faith    .   h - +1 scale mail {rPois}
rPois    +         Spirit   .   (no helmet)
rElec    .         Reflect  .   (no cloak)
rCorr    .         Harm     +   k - +0 pair of gloves
MR       .....                  l - +1 pair of boots
Stlth    ..........             u - amulet of harm
Regen    0.2/turn               v - ring of loudness (curse)
MPRegen  0.1/turn               (no ring)

@: no status effects
A: hooves 2, rot immunity
a: no special abilities


You were on level 3 of the Dungeon.
You were not hungry.

You visited 1 branch of the dungeon, and saw 5 of its levels.

You collected 175 gold pieces.

Inventory:

Hand Weapons
 a - a +0 long sword (weapon)
Armour
 b - a +0 scale mail
 c - a +0 shield (worn)
 h - a +1 scale mail of poison resistance (worn)
 k - a +0 pair of gloves (worn)
 l - a +1 pair of boots (worn)
Jewellery
 u - an amulet of harm (around neck)
 v - a cursed ring of loudness (left hand)
Scrolls
 d - a scroll of remove curse {unknown}
 g - 2 scrolls of teleportation
 m - a scroll of blinking
 t - a scroll of identify
 w - a scroll of amnesia
Potions
 e - 2 potions of flight
 i - 4 potions of curing
 r - a potion of invisibility {unknown}
Comestibles
 f - a bread ration
 j - 3 fruits
 n - a meat ration
 o - 6 chunks of flesh
 s - a royal jelly


   Skills:
 + Level 4.6 Fighting
 * Level 4.3 Long Blades
 + Level 4.0 Armour
 + Level 2.1 Dodging
 + Level 3.9 Shields


You had 6 spell levels left.
You didn't know any spells.

Dungeon Overview and Level Annotations

Branches:
Dungeon (5/15)
 Temple: D:4-7

Altars:
Nemelex Xobeh
Zin


Innate Abilities, Weirdness & Mutations

You have hoof-like feet.
You are immune to rotting.


Message History

A magic dart appears from out of thin air!
The magic dart hits you!
* * * LOW HITPOINT WARNING * * *
You hit the orc priest.
The orc priest is moderately wounded.
The orc priest miscasts a cantrip.
The orc hits you but does no damage. Something hits you.
* * * LOW HITPOINT WARNING * * *
You slash the orc priest!
The orc priest is almost dead.
The orc priest calls down the wrath of Beogh upon you.
Pain shoots through your body!
* * * LOW HITPOINT WARNING * * *
You block the orc's attack.
You hear some strange, mumbled words.
A magic dart appears from out of thin air!
The magic dart hits you!
* * * LOW HITPOINT WARNING * * *
The orc priest hits you with a flail.
You die...

#........†.#........# #####.
#.(........##.......# #.....
#..........##.......########.###.
...........##..............#.# #.
########...##..............#.# #.
#...###.............#.# #. #...#
#..o###..>....#.# #. ###### #...#
##.o# #.......#.# #. .....# #...#
#o@# #.......#.# ## ####.# #...#
##)# #.........#### #.#
#...#####.###.......#.(... #.#
######........#####.......
#.#####...........# #.#.....
####.................#####.#.....
........................##.#.....
####.............<...##.##.##....
#.................##.##.##....


You could see an orc priest and 2 orcs.

Vanquished Creatures
  3 ogres
  A centaur (D:3)
  A scorpion (D:4)
  An iguana (D:3)
  2 worker ants (D:5)
  3 gnolls (D:1)
  5 adders
  2 worms
  4 dart slugs
  2 leopard geckos
  5 orcs
  A ball python (D:1)
  4 giant cockroaches
  6 goblins (D:1)
  7 hobgoblins
  5 jackals
  A quokka (D:3)
  9 bats
  3 frilled lizards
  8 kobolds
  7 rats
80 creatures vanquished.

Vanquished Creatures (others)
  A kobold (D:3)
1 creature vanquished.

Grand Total: 81 creatures vanquished

Notes
Turn   | Place    | Note
-------+----------+-------------------------------------------
     0 | D:1      | HuneSparrow the Demonspawn Fighter began the quest for the Orb.
     0 | D:1      | Reached XP level 1. HP: 18/18 MP: 1/1
   247 | D:1      | Gained mutation: You are immune to rotting. [demonic ancestry]
   247 | D:1      | Reached XP level 2. HP: 15/24 MP: 2/2
   893 | D:1      | Reached XP level 3. HP: 13/29 MP: 3/3
  1249 | D:2      | Gained mutation: You have large cloven feet. [demonic ancestry]
  1249 | D:2      | Reached XP level 4. HP: 36/36 MP: 4/4
  1398 | D:2      | Found a glowing silver altar of Zin.
  1899 | D:3      | Found a sparkling altar of Nemelex Xobeh.
  2092 | D:3      | Reached XP level 5. HP: 31/42 MP: 5/5
  2338 | D:3      | Noticed a centaur
  2347 | D:3      | Killed a centaur
  2347 | D:3      | Reached skill level 1 in Dodging
  2733 | D:4      | Noticed an ogre
  2738 | D:4      | HP: 2/42 [ogre/giant club (26)]
  2740 | D:4      | Killed an ogre
  2740 | D:4      | Gained mutation: You have hoof-like feet. [demonic ancestry]
  2740 | D:4      | Reached XP level 6. HP: 3/48 MP: 6/6
  2885 | D:4      | Noticed an orc warrior
  3049 | D:4      | You fall through a shaft!
  3049 | D:5      | Entered Level 5 of the Dungeon
  3288 | D:4      | Reached XP level 7. HP: 48/55 MP: 7/7
  3544 | D:3      | HP: 2/55 [orc priest/nerve-wracking pain (7)]
  3544 | D:3      | Slain by an orc priest

Skill      XL: |  1  2  3  4  5  6  7 |
---------------+----------------------+-----
Long Blades    | 2 3 4 |  4.3
Armour         | 3 4 |  4.0
Shields        | 3 |  3.9
Fighting       | 4 |  4.6
Dodging        | 1 2 |  2.1

Action                   |  1- 3 |  4- 6 |  7- 9 || total
-------------------------+-------+-------+-------++-------
Melee: Long sword        |    78 |   145 |    64 ||   287
  Use: Potion            |     1 |     2 |     2 ||     5
       Scroll            |     3 |     5 |       ||     8
  Eat: Chunk             |     1 |     5 |       ||     6
       Bread ration      |       |     1 |       ||     1
Armor: Scale mail        |    39 |    64 |    33 ||   136
Dodge: Dodged            |    27 |    57 |    15 ||    99
Block: Shield            |    43 |    97 |    23 ||   163
       Rpst.: Long sword |    10 |    23 |     7 ||    40
